[Event "Late-Titled-Tuesday-Blitz-July-09-2024"]
[Site "Chess.com"]
[Date "2024.07.09"]
[Round "5"]
[White "ural58"]
[Black "Ykow"]
[Result "1-0"]
[WhiteElo "2474"]
[BlackElo "2709"]
[TimeControl "180+1"]
[EndTime "14:50:58 PDT"]
[Termination "ural58 won by resignation"]

1. e4 c5 2. b3 d6 3. f4 Nc6 4.
Bb2 a5 5. Bb5 Qb6 6. a4 Nf6 7. Qe2 e6 8. g4 Qd8 9. g5 Nd7 10. Nf3 Nb4 11. Na3 h6 12. g6 fxg6 13. Qg2 Kf7 14. Rg1 Nf6 15. Qxg6+ Kg8 16. Bxf6 Qxf6 17. Qxf6 1-0

[Event "Late-Titled-Tuesday-Blitz-July-09-2024"]
[Site "Chess.com"]
[Date "2024.07.09"]
[Round "5"]
[White "myburger"]
[Black "OverallStranger"]
[Result "1-0"]
[WhiteElo "2540"]
[BlackElo "2388"]
[TimeControl "180+1"]
[EndTime "14:51:00 PDT"]
[Termination "myburger won by resignation"]

1. d4 Nf6 2. Nc3 d5 3. Bf4 a6 4. e3 b5 5. Bd3 e6 6. Nf3 Bb7 7. O-O c5 8. dxc5 Nbd7 9. Ne5 Nxc5 10. Ne2 Bd6 11. Nd4 Qc7 12. Bxb5+ axb5 13. Nxb5 Qb6 14.
Nxd6+ Qxd6 15. Nxf7 e5 16. Nxd6+ Ke7 17. Bxe5 Bc6 18.
Nf5+ Ke6 19. Nxg7+ Kf7 20. Bxf6 d4 21. Bxd4 Rhg8 22. Qh5+ Kf8 23. Qxc5+ Kf7 24. Qxc6 1-0

[Event "Late-Titled-Tuesday-Blitz-July-09-2024"]
[Site "Chess.com"]
[Date "2024.07.09"]
[Round "5"]
[White "tandercat"]
[Black "Nbk90"]
[Result "1-0"]
[WhiteElo "1935"]
[BlackElo "2246"]
[TimeControl "180+1"]
[EndTime "14:51:13 PDT"]
[Termination "tandercat won by resignation"]

1. d4 d5 2. c4 c6 3. cxd5 cxd5 4. Nc3 Nf6 5. Bf4 Nc6 6. e3 a6 7.
Bd3 e6 8. Rc1 Bd6 9. Bxd6 Qxd6 10.
f4 O-O 11. Nf3 b5 12. Ne5 Bb7 13. O-O Rac8 14. g4 Nd7 15. g5 Ndxe5 16. fxe5 Qe7 17. Bxh7+ Kxh7 18. Qh5+ Kg8 19. Rf3 f6 20. g6 1-0

[Event "Late-Titled-Tuesday-Blitz-July-09-2024"]
[Site "Chess.com"]
[Date "2024.07.09"]
[Round "5"]
[White "Os55555"]
[Black "cthake"]
[Result "1-0"]
[WhiteElo "2312"]
[BlackElo "1828"]
[TimeControl "180+1"]
[EndTime "14:51:16 PDT"]
[Termination "Os55555 won by resignation"]

1. e4 c5 2. Nc3 a6 3. Nf3 e6 4. a4 g6 5. g3 Bg7 6. Bg2 d6 7. d3 Nc6 8. O-O Nge7 9. Ng5 O-O 10. f4 h6 11. Nh3 Nd4 12. Ne2 Rb8 13. Nxd4 Bxd4+ 14.
Kh1 Bg7 15. a5 b5 16. axb6 Qxb6 17. c3 d5 18. Nf2 Bb7 19. Qg4 Kh7 20. Qh4 a5 21.
Qxe7 dxe4 22. Nxe4 c4 23. dxc4 Rbe8 24. Qc5 Qa6 25.
Rxa5 1-0

[Event "Late-Titled-Tuesday-Blitz-July-09-2024"]
[Site "Chess.com"]
[Date "2024.07.09"]
[Round "5"]
[White "SantoBlue"]
[Black "secretworker2027"]
[Result "1/2-1/2"]
[WhiteElo "2989"]
[BlackElo "2713"]
[TimeControl "180+1"]
[EndTime "14:51:23 PDT"]
[Termination "Game drawn by agreement"]

1. e4 c5 2. Nf3 Nc6 3. Bb5 d6 4. O-O Bd7 5. c3 Nf6 6. Re1 a6 7. Bf1 Bg4 8. h3 Bh5 9. d3 e6 10. Be3 Be7 11. Nbd2 O-O 12. Qc2 d5 13. Be2 Rc8 14.
Rad1 h6 15. Nf1 Bg6 16. Ng3 b5 17. Qc1 Qa5 18. exd5 Nxd5 19. a3 Nxe3 20. Qxe3 Qd8 21. d4 cxd4 22. cxd4 Na5 23. Ne5 Bc2 24. Rc1 Bg5 25.
f4 Bh4 26. b4 Nb3 27. Rxc2 Rxc2 28. Qxb3 Qxd4+ 29. Kh1 Rc3 30. Qb2 Bxg3 31. Rd1 1/2-1/2

[Event "Late-Titled-Tuesday-Blitz-July-09-2024"]
[Site "Chess.com"]
[Date "2024.07.09"]
[Round "5"]
[White "JoshWeinstein"]
[Black "Sanyura"]
[Result "0-1"]
[WhiteElo "2451"]
[BlackElo "2681"]
[TimeControl "180+1"]
[EndTime "14:51:32 PDT"]
[Termination "Sanyura won by resignation"]

1. e4 c6 2. Nc3 d5 3. Nf3 Bg4 4. h3 Bxf3 5. Qxf3 e6 6. e5 c5 7. Bb5+ Nc6 8. Bxc6+ bxc6 9. O-O Ne7 10. d3 Ng6 11.
Qg3 Be7 12. f4 O-O 13. f5 exf5 14. Rxf5 Rb8 15. b3 c4 16. dxc4 dxc4 17. Be3 cxb3 18. axb3 Qd7 19. Rxa7 Qxf5 0-1

[Event "Late-Titled-Tuesday-Blitz-July-09-2024"]
[Site "Chess.com"]
[Date "2024.07.09"]
[Round "5"]
[White "malakismayil"]
[Black "Paladin61"]
[Result "0-1"]
[WhiteElo "2530"]
[BlackElo "2736"]
[TimeControl "180+1"]
[EndTime "14:51:54 PDT"]
[Termination "Paladin61 won by resignation"]

1. e4 c5 2. Nf3 e6 3. c3 d5 4. exd5 Qxd5 5. d4 Nf6 6. Be2 cxd4 7. cxd4 Nc6 8. Nc3 Qd6 9. Nb5 Qd8 10. Bf4 Nd5 11.
Bd2 Be7 12. O-O O-O 13. Rc1 Bd7 14. Bd3 Ncb4 15. Bxb4 Nxb4 16. Nc3 Nxd3 17. Qxd3 Bc6 18. Rfd1 Bf6 19. Ne4 Rc8 20. Nxf6+ Qxf6 21. Ne5 Bd5 22. b3 Rxc1 23. Rxc1 Qg5 0-1

[Event "Late-Titled-Tuesday-Blitz-July-09-2024"]
[Site "Chess.com"]
[Date "2024.07.09"]
[Round "5"]
[White "orkinyo12345"]
[Black "simaopdias"]
[Result "1-0"]
[WhiteElo "2475"]
[BlackElo "2196"]
[TimeControl "180+1"]
[EndTime "14:51:58 PDT"]
[Termination "orkinyo12345 won by resignation"]

1. c4 e6 2. Nf3 d5 3. e3 Be7 4.
Nc3 Nf6 5. d4 O-O 6. Bd3 Nbd7 7.
O-O c5 8. cxd5 exd5 9. b3 cxd4 10. Nxd4 Ne5 11. Bb2 Nxd3 12. Qxd3 a6 13. Nf5 Bb4 14. Rfd1 Re8 15. Nxg7 Kxg7 16. Nxd5 Be7 17. Nxf6 Bxf6 18.
Qxd8 Rxd8 19. Bxf6+ Kxf6 20. Rxd8 Ke7 21. Rh8 1-0

[Event "Late-Titled-Tuesday-Blitz-July-09-2024"]
[Site "Chess.com"]
[Date "2024.07.09"]
[Round "5"]
[White "RantomOpening"]
[Black "Charodej1"]
[Result "1-0"]
[WhiteElo "2582"]
[BlackElo "2392"]
[TimeControl "180+1"]
[EndTime "14:51:59 PDT"]
[Termination "RantomOpening won by resignation"]

1. d4 Nf6 2. c4 e6 3. Nc3 Bb4 4. g3 O-O 5. Bg2 d5 6. Qb3 Nc6 7. Nf3 Ne4 8. O-O Bxc3 9. bxc3 Na5 10. Qc2 Nxc4 11. Bf4 c5 12. dxc5 Nxc5 13. Rfd1 Qa5 14. Ne5 Nxe5 15. Bxe5 Qa4 16. Qxa4 Nxa4 17. e4 Nb6 18. Bd6 Rd8 19. Bc7 Rd7 20. Bxb6 axb6 21. exd5 exd5 22. Bxd5 Ra5 23. Bxb7 1-0

[Event "Late-Titled-Tuesday-Blitz-July-09-2024"]
[Site "Chess.com"]
[Date "2024.07.09"]
[Round "5"]
[White "Ruprecht_der_Knecht"]
[Black "Mops_2004"]
[Result "0-1"]
[WhiteElo "2523"]
[BlackElo "2740"]
[TimeControl "180+1"]
[EndTime "14:52:08 PDT"]
[Termination "Mops_2004 won by resignation"]

1. c4 e6 2. Nf3 d5 3. d4 Nf6 4.
Bg5 Be7 5. e3 h6 6. Bxf6 Bxf6 7.
Nc3 O-O 8. h4 c5 9. g4 cxd4 10.
exd4 g6 11. g5 hxg5 12. hxg5 Bxg5 13. Rg1 Bh6 14. Ne5 Nc6 15. Nxg6 fxg6 16. Rxg6+ Bg7 17. Qh5 Ne7 18. Bd3 Nxg6 19. Bxg6 Rf4 20. O-O-O Qh4 21. Bf7+ Kf8 0-1

[Event "Late-Titled-Tuesday-Blitz-July-09-2024"]
[Site "Chess.com"]
[Date "2024.07.09"]
[Round "5"]
[White "vi_pranav"]
[Black "ArtemDyachuk"]
[Result "1-0"]
[WhiteElo "2990"]
[BlackElo "2688"]
[TimeControl "180+1"]
[EndTime "14:52:16 PDT"]
[Termination "vi_pranav won by resignation"]

1. Nf3 Nf6 2. g3 d5 3. Bg2 c6 4. O-O Bg4 5. d4 Nbd7 6. h3 Bxf3 7. exf3 e6 8. f4 Bd6 9. b3 h5 10. h4 Ng4 11. c4 Ndf6 12. Nc3 Qa5 13. Bd2 Bb4 14.
Qc2 O-O-O 15. a3 Bxc3 16. Bxc3 Qc7 17. c5 Nh6 18. b4 Nf5 19. b5 cxb5 20. Rfb1 Qc6 21. a4 a6 22. axb5 axb5 23. Bf1 Kb8 24. Bxb5 Qc8 25. Qa4 Ne4 26. Qa7+ 1-0

[Event "Late-Titled-Tuesday-Blitz-July-09-2024"]
[Site "Chess.com"]
[Date "2024.07.09"]
[Round "5"]
[White "HPanesso"]
[Black "SandwichOSaumon"]
[Result "1-0"]
[WhiteElo "2536"]
[BlackElo "2297"]
[TimeControl "180+1"]
[EndTime "14:52:18 PDT"]
[Termination "HPanesso won on time"]

1. d4 d5 2. c4 c6 3. Nf3 Nf6 4. Nc3 e6 5. Bg5 Bd6 6. e3 Nbd7 7. Rc1 O-O 8. Bd3 h6 9. Bh4 dxc4 10. Bxc4 Qc7 11.
O-O Nd5 12. Bxd5 exd5 13. Nxd5 Qb8 14. Ne7+ Bxe7 15. Bxe7 Re8 16. Bh4 Nf8 17. Bg3 Qxg3 18. hxg3 1-0

[Event "Late-Titled-Tuesday-Blitz-July-09-2024"]
[Site "Chess.com"]
[Date "2024.07.09"]
[Round "5"]
[White "koncheto"]
[Black "evgchess5"]
[Result "0-1"]
[WhiteElo "2663"]
[BlackElo "2863"]
[TimeControl "180+1"]
[EndTime "14:52:32 PDT"]
[Termination "evgchess5 won by resignation"]

1. e4 c5 2. Nf3 e6 3. d4 cxd4 4.
Nxd4 Nc6 5. Nc3 a6 6. Be2 d6 7. O-O Nf6 8. f4 Be7 9. Be3 O-O 10. Qe1 Nxd4 11. Bxd4 b5 12. Qg3 Bb7 13. e5 dxe5 14. Bxe5 b4 15. Na4 g6 16. Rad1 Qa5 17. b3 Ne4 18.
Qe3 Rad8 19. Bf3 f5 20. Kh1 Qb5 21. Be2 Qc6 22. Bc4 Nc3 23. Rd2 Nxa4 0-1

[Event "Late-Titled-Tuesday-Blitz-July-09-2024"]
[Site "Chess.com"]
[Date "2024.07.09"]
[Round "5"]
[White "Narek_Ghimoyan"]
[Black "Fandorine"]
[Result "1-0"]
[WhiteElo "2523"]
[BlackElo "2917"]
[TimeControl "180+1"]
[EndTime "14:52:38 PDT"]
[Termination "Narek_Ghimoyan won by resignation"]

1. e4 c5 2. Nc3 d6 3. f4 g6 4. Nf3 Bg7 5. Bc4 Nc6 6. O-O e6 7.
d3 Nge7 8. Qe1 O-O 9. f5 exf5 10.
Qh4 h5 11. Bg5 fxe4 12. dxe4 Qe8 13. Nb5 Qd7 14. Rad1 d5 15. exd5 Nf5 16. dxc6 Qxc6 17. Qf4 Be6 18. Nd6 Bxc4 19. Nxf5 Bxf1 20. Ne7+ 1-0

[Event "Late-Titled-Tuesday-Blitz-July-09-2024"]
[Site "Chess.com"]
[Date "2024.07.09"]
[Round "5"]
[White "Proteuo"]
[Black "APOKALIPSA13"]
[Result "1-0"]
[WhiteElo "2438"]
[BlackElo "2105"]
[TimeControl "180+1"]
[EndTime "14:52:42 PDT"]
[Termination "Proteuo won by resignation"]

1. e4 e5 2. Nf3 d5 3. exd5 e4 4. Qe2 Nf6 5. d3 Qxd5 6. dxe4 Qxe4 7. Nc3 Bb4 8. Bd2 Qxe2+ 9. Bxe2 O-O 10. O-O-O Nc6 11.
Nb5 Bd6 12. Nxd6 cxd6 13. Bf4 Ne4 14. Rhf1 Rd8 15. Nd4 Ne5 16. Nb5 Be6 17. f3 Nf6 18. Nxd6 Ng6 19. Bg5 Bxa2 20. Bxf6 gxf6 21. b3 a5 22. Kb2 Nf4 23. Bc4 a4 24. Nxf7 axb3 25. Rxd8+ Rxd8 26. Nxd8+ Kf8 27. cxb3 Nxg2 28. Kxa2 Ke7 29.
Nxb7 1-0

[Event "Late-Titled-Tuesday-Blitz-July-09-2024"]
[Site "Chess.com"]
[Date "2024.07.09"]
[Round "5"]
[White "bazar-wokzal"]
[Black "bubeliang"]
[Result "1-0"]
[WhiteElo "2648"]
[BlackElo "2797"]
[TimeControl "180+1"]
[EndTime "14:52:43 PDT"]
[Termination "bazar-wokzal won by checkmate"]

1. e4 c6 2. d4 d5 3. f3 g6 4. Nc3 Bg7 5. Be3 dxe4 6. fxe4 e5 7. d5 Nf6 8. Nf3 O-O 9. Bc4 cxd5 10. Nxd5 Nxd5 11. Qxd5 Qc7 12. Ng5 Nc6 13. Bc5 Ne7 14.
Qd6 Qxd6 15. Bxd6 Bf6 16. Nxf7 Kg7 17. O-O b5 18. Bb3 Bb7 19. Rxf6 Kxf6 20. Bxe5# 1-0

[Event "Late-Titled-Tuesday-Blitz-July-09-2024"]
[Site "Chess.com"]
[Date "2024.07.09"]
[Round "5"]
[White "Aygehovit1992"]
[Black "Noki102"]
[Result "1-0"]
[WhiteElo "2783"]
[BlackElo "2562"]
[TimeControl "180+1"]
[EndTime "14:52:46 PDT"]
[Termination "Aygehovit1992 won by checkmate"]

1. e4 b6 2. d4 Bb7 3. Bd3 f5 4.
exf5 Bxg2 5. Qh5+ g6 6. fxg6 Bg7 7. gxh7+ Kf8 8. hxg8=Q+ Kxg8 9. Qg4 Bxh1 10. Nc3 Rxh2 11. Nf3 Bxf3 12. Qxf3 Nc6 13. Be3 Qf8 14. Qd5+ Qf7 15.
Qxd7 Rh1+ 16. Kd2 Rxa1 17. Qxc6 Qe8 18. Bc4+ Kh8 19. Qg2 e6 20. Qh3+ Kg8 21. Bxe6+ Kf8 22. Qf5+ Ke7 23. Bg5+ Kd6 24. Qd5# 1-0

[Event "Late-Titled-Tuesday-Blitz-July-09-2024"]
[Site "Chess.com"]
[Date "2024.07.09"]
[Round "5"]
[White "mamey78"]
[Black "Bkmzzzzz"]
[Result "1-0"]
[WhiteElo "2613"]
[BlackElo "2417"]
[TimeControl "180+1"]
[EndTime "14:52:46 PDT"]
[Termination "mamey78 won by resignation"]

1. e4 d6 2. d4 Nf6 3. Nc3 e5 4.
Nf3 Nbd7 5. g4 Nxg4 6. Rg1 Ngf6 7. Bc4 exd4 8. Qxd4 Nb6 9. Bb3 c5 10. Qd3 c4 11.
Bxc4 Nxc4 12. Qxc4 Be6 13. Qb5+ Qd7 14. Bf4 a6 15.
Qxd7+ Kxd7 16. O-O-O Kc7 17. e5 Ne8 18. exd6+ Nxd6 19. Ne4 Rd8 20. Nfg5 g6 21. Nxd6 Bxd6 22. Rxd6 Rxd6 23.
Rd1 Rd8 24. Ne4 Bg4 25. Rxd6 Rxd6 26. Nxd6 1-0

[Event "Late-Titled-Tuesday-Blitz-July-09-2024"]
[Site "Chess.com"]
[Date "2024.07.09"]
[Round "5"]
[White "betta2004"]
[Black "Chessbard1972"]
[Result "1-0"]
[WhiteElo "2515"]
[BlackElo "2277"]
[TimeControl "180+1"]
[EndTime "14:52:47 PDT"]
[Termination "betta2004 won by resignation"]

1. Nf3 c5 2. e3 d5 3. b3 Nc6 4. Bb2 Nf6 5. Bb5 Bd7 6. O-O e6 7. Bxc6 Bxc6 8. Ne5 Rc8 9. f4 Bd6 10. d3 O-O 11. Nd2 b6 12. Qf3 Bb7 13. Qh3 Nd7 14. Ndf3 Qe7 15. Rae1 f6 16. Nxd7 Qxd7 17. Qg4 Rce8 18.
Nd2 f5 19. Qh5 Qf7 20. Qh4 e5 21. Nf3 exf4 22. exf4 h6 23. Be5 Be7 24. Qg3 d4 25. Nh4 Kh7 26. Nxf5 Rg8 27. Nxe7 Rxe7 28. f5 Qd5 29.
Qg6+ 1-0

[Event "Late-Titled-Tuesday-Blitz-July-09-2024"]
[Site "Chess.com"]
[Date "2024.07.09"]
[Round "5"]
[White "ivanquiroga"]
[Black "KevinGeorgeMicheal"]
[Result "0-1"]
[WhiteElo "2391"]
[BlackElo "2547"]
[TimeControl "180+1"]
[EndTime "14:52:48 PDT"]
[Termination "KevinGeorgeMicheal won by resignation"]

1. d4 Nf6 2. c4 e6 3. g3 c5 4. Nf3 d5 5. Bg2 Nc6 6. cxd5 exd5 7. O-O Be7 8. Nc3 O-O 9. Bf4 Bg4 10. dxc5 Bxc5 11.
Bg5 Be6 12. Rc1 Be7 13. Nd4 Nxd4 14. Qxd4 h6 15. Bf4 Qa5 16. Rfd1 Rfd8 17. Na4 Rac8 18. a3 Rc4 19. b4 Rxd4 20. bxa5 Rxa4 21. h3 Rxa3 22. Rb1 Bd6 23. Be3 Rxa5 24. Rxb7 Ra2 25. Bf3 a5 26. Bb6 Rb8 27. Rxb8+ Bxb8 28. g4 a4 29. Rb1 Be5 30. e3 Rb2 31. Ra1 Rxb6 0-1

[Event "Late-Titled-Tuesday-Blitz-July-09-2024"]
[Site "Chess.com"]
[Date "2024.07.09"]
[Round "5"]
[White "Seppppppy"]
[Black "tgpgoat"]
[Result "1-0"]
[WhiteElo "2307"]
[BlackElo "2500"]
[TimeControl "180+1"]
[EndTime "14:52:51 PDT"]
[Termination "Seppppppy won by resignation"]

1. e4 c5 2. Nf3 e6 3. c3 Nf6 4.
e5 Nd5 5. d4 cxd4 6. cxd4 Nc6 7.
Nc3 Nxc3 8. bxc3 Qc7 9. Bd3 d6 10. exd6 Bxd6 11. O-O O-O 12. Bxh7+ Kxh7 13. Ng5+ Kg6 14.
Qd3+ f5 15. Qh3 Bd7 16. Qh7+ Kf6 17. f3 Rh8 18. Ne4+ fxe4 19. fxe4+ Bf4 20. e5+ Nxe5 21.
Rxf4+ Ke7 22. Qxg7+ Kd6 23. Qxe5+ Ke7 24. Ba3+ Kd8 25.
Qf6+ Kc8 26. Qxh8+ Qd8 27. Rf8 1-0

[Event "Late-Titled-Tuesday-Blitz-July-09-2024"]
[Site "Chess.com"]
[Date "2024.07.09"]
[Round "5"]
[White "GHANDEEVAM2003"]
[Black "DanielDardha2005"]
[Result "1-0"]
[WhiteElo "3184"]
[BlackElo "2908"]
[TimeControl "180+1"]
[EndTime "14:52:52 PDT"]
[Termination "GHANDEEVAM2003 won by resignation"]

1. e4 c5 2. Nf3 Nc6 3. Bb5 e6 4. O-O Nge7 5. Re1 a6 6. Bf1 d5 7. b3 d4 8. e5 Ng6 9. g3 Qc7 10.
Qe2 Be7 11. h4 h5 12. d3 f6 13. exf6 gxf6 14. Nbd2 Kf7 15. Ne4 e5 16. Nh2 Kg7 17. Bg2 Be6 18. Bf3 Bf7 19. Bxh5 Qd7 20. Bf3 Nxh4 21.
gxh4 Rxh4 22. Ng3 Rah8 23. Nhf1 f5 24. Bxc6 Qxc6 25. Nxf5+ Kf8 26. Nxh4 Bxh4 27. Qxe5 Bf6 28. Qb8+ Kg7 29. Qg3+ Kf8 30. Nh2 Bh4 31. Qb8+ Kg7 32. Qe5+ Kh7 33. Qe4+ 1-0

[Event "Late-Titled-Tuesday-Blitz-July-09-2024"]
[Site "Chess.com"]
[Date "2024.07.09"]
[Round "5"]
[White "ArchibaldCerveza29"]
[Black "carloseduar100"]
[Result "1-0"]
[WhiteElo "2414"]
[BlackElo "2270"]
[TimeControl "180+1"]
[EndTime "14:52:54 PDT"]
[Termination "ArchibaldCerveza29 won by checkmate"]

1. e4 e6 2. d4 d5 3. Nc3 Nf6 4. e5 Nfd7 5. f4 c5 6. Nf3 Nc6 7. Be3 Qb6 8. Qd2 Qxb2 9. Rb1 Qa3 10. Bb5 Qa5 11. O-O Be7 12. f5 O-O 13. Bxc6 bxc6 14.
Nxd5 Qd8 15. Nxe7+ Qxe7 16. f6 gxf6 17. exf6 Nxf6 18.
Bg5 Ba6 19. Qf4 Kg7 20. Ne5 Bxf1 21. Rxf1 Nd5 22. Qg3 Qxg5 23. Qxg5+ Kh8 24. Nxf7+ Rxf7 25. Rxf7 Rg8 26. Qe5+ Rg7 27. Rf8# 1-0

[Event "Late-Titled-Tuesday-Blitz-July-09-2024"]
[Site "Chess.com"]
[Date "2024.07.09"]
[Round "5"]
[White "ZakinIlay2306"]
[Black "m_ezat"]
[Result "0-1"]
[WhiteElo "2304"]
[BlackElo "2636"]
[TimeControl "180+1"]
[EndTime "14:52:59 PDT"]
[Termination "m_ezat won by checkmate"]

1. e4 e5 2. Nf3 Nc6 3. Bb5 Nge7 4. O-O a6 5. Ba4 g6 6. c3 Bg7 7. d4 exd4 8. cxd4 b5 9. Bb3 O-O 10. Be3 d5 11. e5 Bg4 12. h3 Bxf3 13. Qxf3 f6 14.
exf6 Bxf6 15. Qd1 Nf5 16. Nc3 Nce7 17. Rc1 c6 18. Ne2 Nxe3 19. fxe3 Bg5 20. Qd3 Qd6 21. Rxf8+ Rxf8 22. Re1 Nf5 23. e4 Ne3 24. Nc3 Qg3 25.
Qe2 Nxg2 26. Qxg2 Qxe1+ 27. Kh2 Bf4+ 28. Qg3 Qxg3+ 29. Kh1 Qh2# 0-1

[Event "Late-Titled-Tuesday-Blitz-July-09-2024"]
[Site "Chess.com"]
[Date "2024.07.09"]
[Round "5"]
[White "Slovineanu"]
[Black "ChessicallyInclined"]
[Result "0-1"]
[WhiteElo "2527"]
[BlackElo "2743"]
[TimeControl "180+1"]
[EndTime "14:53:06 PDT"]
[Termination "ChessicallyInclined won on time"]

1. d4 Nf6 2. Nf3 d5 3. c4 c6 4. e3 e6 5. Nbd2 Nbd7 6. Bd3 Be7 7. O-O O-O 8. b3 b6 9. Bb2 Bb7 10. Rc1 Rc8 11. Qe2 c5 12. Rfd1 Re8 13. h3 Bd6 14.
Ne5 cxd4 15. exd4 Qe7 16. Ndf3 Ne4 17. Nxd7 Qxd7 18. Ne5 Qe7 19. cxd5 Rxc1 20. Rxc1 exd5 21. Bb5 Rc8 22. Rxc8+ Bxc8 23. Bc6 Be6 24. Qb5 Qh4 25. Qe2 h6 26. Bc1 Nc3 27. Qd3 Qxd4 28. Qxd4 Ne2+ 29.
Kf1 Nxd4 0-1

[Event "Late-Titled-Tuesday-Blitz-July-09-2024"]
[Site "Chess.com"]
[Date "2024.07.09"]
[Round "5"]
[White "Redzishchess"]
[Black "Flawless_Fighter"]
[Result "0-1"]
[WhiteElo "2470"]
[BlackElo "2760"]
[TimeControl "180+1"]
[EndTime "14:53:06 PDT"]
[Termination "Flawless_Fighter won by resignation"]

1. d4 Nf6 2. c4 e6 3. Nf3 b6 4. g3 Bb7 5. Bg2 Bb4+ 6. Nbd2 O-O 7. O-O Bxd2 8. Qxd2 d6 9. b3 Nbd7 10. Bb2 Re8 11. Rfd1 h6 12. Qc2 Be4 13. Qc3 Qc8 14. Nd2 Bxg2 15. Kxg2 e5 16. dxe5 Nxe5 17. Nf3 Qb7 18. Qc2 Nxf3 19. exf3 Re6 20. Re1 Rae8 21. Qc3 a5 22. Qd2 Qc6 23. h4 Nd7 24. Qd4 f6 25.
Rxe6 Rxe6 26. Rd1 Re2 27. Rd2 Ne5 28. Qd5+ Qxd5 0-1

[Event "Late-Titled-Tuesday-Blitz-July-09-2024"]
[Site "Chess.com"]
[Date "2024.07.09"]
[Round "5"]
[White "merinasian"]
[Black "ozates"]
[Result "1-0"]
[WhiteElo "2443"]
[BlackElo "2618"]
[TimeControl "180+1"]
[EndTime "14:53:07 PDT"]
[Termination "merinasian won by resignation"]

1. d4 Nf6 2. Nf3 g6 3. Bf4 Bg7 4. e3 O-O 5. h3 d6 6. Be2 b6 7. O-O Bb7 8. c4 c5 9. d5 Nbd7 10. Nc3 a6 11. a4 Ne8 12. e4 Bc8 13. Re1 Ne5 14. Bf1 Nxf3+ 15. Qxf3 Bd7 16. e5 dxe5 17. Bxe5 Nd6 18. Bxg7 Kxg7 19. b3 Re8 20. Ra2 Nf5 21. Ne4 Qc7 22. Qc3+ Nd4 23. b4 f6 24. a5 bxa5 25. bxc5 Nf5 26. d6 Qc6 27. Rd2 e5 28. g3 Nd4 29. Bg2 f5 30. Rxd4 exd4 31. Qxd4+ Kh6 32.
Qd2+ Kg7 33. Qc3+ Kh6 34. Nf6 Rxe1+ 35. Qxe1 1-0

[Event "Late-Titled-Tuesday-Blitz-July-09-2024"]
[Site "Chess.com"]
[Date "2024.07.09"]
[Round "5"]
[White "HaryKane"]
[Black "DanLowinger"]
[Result "1-0"]
[WhiteElo "2576"]
[BlackElo "2406"]
[TimeControl "180+1"]
[EndTime "14:53:10 PDT"]
[Termination "HaryKane won on time"]

1. d4 Nf6 2. c4 g6 3. Nc3 Bg7 4. e4 d6 5. f3 Nbd7 6. Be3 c5 7.
Nge2 O-O 8. Qd2 a6 9. h4 cxd4 10. Nxd4 h5 11. O-O-O Ne5 12. Be2 Qc7 13. g4 Nxc4 14. Bxc4 Qxc4 15. gxh5 Nxh5 16. Kb1 e6 17. Rhg1 b5 18. Rg5 e5 19. Nde2 Be6 20. b3 Qc7 21.
Rdg1 Nf4 22. Nxf4 exf4 23. Bd4 Rfc8 24. Rxg6 fxg6 25. Rxg6 b4 26. Qg2 bxc3 27. Rxg7+ 1-0

[Event "Late-Titled-Tuesday-Blitz-July-09-2024"]
[Site "Chess.com"]
[Date "2024.07.09"]
[Round "5"]
[White "sammartin99"]
[Black "yaguigor"]
[Result "0-1"]
[WhiteElo "2421"]
[BlackElo "2624"]
[TimeControl "180+1"]
[EndTime "14:53:11 PDT"]
[Termination "yaguigor won by resignation"]

1. d4 d5 2. c4 e6 3. Nc3 c6 4. e3 Nf6 5. Nf3 Nbd7 6. Qc2 Bd6 7.
b3 O-O 8. Bd3 e5 9. cxd5 cxd5 10.
Nb5 Bb4+ 11. Nd2 e4 12. Be2 a6 13. Nc3 Re8 14. a4 Qe7 15. O-O Nf8 16. a5 Bd7 17.
Na4 Rac8 18. Qa2 Bxa5 19. Nc5 Bc3 20. Rb1 Bc6 21. Ba3 Bxd2 22. Qxd2 b6 23. Bxa6 Ra8 24.
Bb4 bxc5 25. Bxc5 Qd7 26. Be2 Bb5 27. Ra1 Ne6 28. Bb6 Reb8 29. Rxa8 Rxa8 30. h3 Rb8 31.
Bc5 Bxe2 32. Qxe2 Rxb3 33. Rc1 h5 0-1

[Event "Late-Titled-Tuesday-Blitz-July-09-2024"]
[Site "Chess.com"]
[Date "2024.07.09"]
[Round "5"]
[White "gamboajp"]
[Black "TioCridineno"]
[Result "1-0"]
[WhiteElo "2143"]
[BlackElo "2443"]
[TimeControl "180+1"]
[EndTime "14:53:11 PDT"]
[Termination "gamboajp won by resignation"]

1. c4 c5 2. Nf3 Nc6 3. d4 cxd4 4. Nxd4 g6 5. e4 Bg7 6. Nc2 Nf6 7. Nc3 O-O 8. Be2 e6 9. O-O d5 10. exd5 exd5 11.
Bg5 dxc4 12. Bxc4 Qxd1 13. Raxd1 a6 14. a4 Ne5 15. Bb3 Bf5 16. Ne3 Bd3 17. Rfe1 Bc4 18. Nxc4 Nc6 19. Nb6 Rae8 20. Bxf6 Bxf6 21. Nd7 Bxc3 22.
bxc3 Rxe1+ 23. Rxe1 Rd8 24. Nf6+ Kg7 25. Nd5 Na5 26. Ba2 Nc6 27. h4 Rd6 28. c4 Kf8 29. c5 Rd8 30. g3 h6 31. f4 h5 32. Kf2 Rc8 33. Nb6 Rc7 34. Nd5 Rc8 35. Nf6 Nd4 36. Bd5 Rxc5 37. Nd7+ Kg7 38. Nxc5 1-0

[Event "Late-Titled-Tuesday-Blitz-July-09-2024"]
[Site "Chess.com"]
[Date "2024.07.09"]
[Round "5"]
[White "oskariot"]
[Black "swayamsm"]
[Result "0-1"]
[WhiteElo "2791"]
[BlackElo "2635"]
[TimeControl "180+1"]
[EndTime "14:53:18 PDT"]
[Termination "swayamsm won by resignation"]

1. e4 c5 2. Nf3 d6 3. d4 cxd4 4. Nxd4 Nf6 5. Nc3 a6 6. h4 Bd7 7. Be2 Nc6 8. h5 e5 9. Nb3 Be6 10. f4 exf4 11. Bxf4 Ne5 12. Qd2 Qc7 13. O-O-O O-O-O 14. Nd4 Be7 15. h6 gxh6 16. Bxh6 Rhg8 17. Rhg1 Kb8 18.
Kb1 Rc8 19. Bf4 Qa5 20. Nb3 Qc7 21. Nd4 Qa5 22. Nb3 Qc7 23. Be3 Nc4 24. Bxc4 Qxc4 25. Bd4 Rg4 26. Qe3 Nxe4 27. Na5 Nxc3+ 28. Bxc3 Qxa2+ 29. Kc1 0-1

[Event "Late-Titled-Tuesday-Blitz-July-09-2024"]
[Site "Chess.com"]
[Date "2024.07.09"]
[Round "5"]
[White "David_George21"]
[Black "Goryachkina"]
[Result "0-1"]
[WhiteElo "2486"]
[BlackElo "2716"]
[TimeControl "180+1"]
[EndTime "14:53:18 PDT"]
[Termination "Goryachkina won by resignation"]

1. e4 c5 2. Nf3 e6 3. d4 cxd4 4. Nxd4 a6 5. Nc3 b5 6. a3 Bb7 7. Be3 Nc6 8. g3 Nf6 9. Bg2 Ne5 10. h3 Nc4 11. Bc1 Bc5 12. b3 Qb6 13. Nce2 Ne5 14.
b4 Be7 15. f3 Nc4 16. O-O e5 17. Kh2 exd4 18. Nxd4 O-O 19. Nf5 Rfe8 20. Bg5 Bf8 21. Re1 h6 22. Bf4 d6 23. g4 Nd7 24.
h4 d5 25. exd5 Rxe1 26. Qxe1 Bxd5 27. Qc3 Be6 28. Nd4 Nf6 29. Nxe6 Qxe6 30. Re1 Qb6 31.
Qa1 Bd6 32. Bxd6 Qxd6+ 33. Kh1 Qg3 34. h5 Nd5 35. Qc3 Nf4 36. Rg1 Qh4+ 0-1

[Event "Late-Titled-Tuesday-Blitz-July-09-2024"]
[Site "Chess.com"]
[Date "2024.07.09"]
[Round "5"]
[White "subham777"]
[Black "AsaHoffmann"]
[Result "1-0"]
[WhiteElo "2565"]
[BlackElo "2401"]
[TimeControl "180+1"]
[EndTime "14:53:18 PDT"]
[Termination "subham777 won by resignation"]

1. e4 d6 2. Nc3 c6 3. g3 g6 4. Bg2 Bg7 5. Nge2 b5 6. a3 a6 7. O-O Bb7 8. d4 Nd7 9. f4 e6 10. e5 d5 11. g4 h5 12. f5 hxg4 13. fxe6 fxe6 14. Qd3 Ne7 15. Bg5 Nf8 16. Nf4 Qd7 17.
Bxe7 Qxe7 18. Nxg6 Qg5 19. Nxh8 Bxh8 20. Rae1 O-O-O 21. a4 b4 22. Na2 c5 23. dxc5 Bxe5 24. Nxb4 a5 25. c6 axb4 26. cxb7+ Kb8 27. Qa6 Nd7 28. Qxe6 Bd4+ 29. Kh1 Rh8 30. Qd6+ Ka7 31. b8=Q+ Nxb8 32. Rf7+ Ka8 33. Bxd5+ 1-0